 Dungeon Crawl Stone Soup version 0.28-a0-706-gf6f64a616a (webtiles) character file.

Game seed: 2794760434783606111

357 willcat the Sneak (level 6, 0/47 HPs)
             Began as a Human Delver on Oct 24, 2021.
             Killed by nerve-wracking pain
             ... invoked by an orc priest
              (10 damage)
             ... on level 6 of the Dungeon.
             The game lasted 00:02:21 (2143 turns).

willcat the Sneak (Human Delver)                    Turns: 2143, Time: 00:02:21

Health: 0/47       AC:  4    Str: 12    XL:     6   Next: 96%
Magic:  6/6        EV: 13    Int: 12    God:
Gold:   59         SH:  0    Dex: 17    Spells: 5/5 levels left

rFire   . . .      SeeInvis .   a - +0 short sword
rCold   . . .      Faith    .   (no shield)
rNeg    . . .      Spirit   .   b - +0 leather armour
rPois   +          Reflect  .   (no helmet)
rElec   .          Harm     .   (no cloak)
rCorr   .          Rampage  .   (no gloves)
Will    .....                   i - +0 pair of boots
Stlth   ++++......              (no amulet)
HPRegen 0.15/turn               (no ring)
MPRegen 0.10/turn               (no ring)

@: no status effects
A: hooves 1, thin skeletal structure 1, poison resistance
a: no special abilities


You were on level 6 of the Dungeon.
You visited 1 branch of the dungeon, and saw 3 of its levels.

You collected 59 gold pieces.

Inventory:

Hand Weapons
 a - a +0 short sword (weapon)
Armour
 b - a +0 leather armour (worn)
 i - a +0 pair of boots (worn)
Wands
 g - a wand of digging (3)
Scrolls
 c - a scroll of fog
 d - 3 scrolls of magic mapping
 e - a scroll of identify {unknown}
Potions
 f - a potion of haste


   Skills:
 - Level 3.0 Fighting
 + Level 4.2 Short Blades
 + Level 4.1 Dodging
 + Level 6.5 Stealth


You had 5 spell levels left.
You didn't know any spells.
Your spell library was empty.

Dungeon Overview and Level Annotations

Branches:
Dungeon (7/15)
 Temple: D:4-7

Altars:

Annotations:
D:6 Maggie


Innate Abilities, Weirdness & Mutations

You have large cloven feet.
You have a somewhat thin skeletal structure. (Dex +2, Stealth+)
Your system is resistant to poisons. (rPois)


Message History

You are too injured to fight recklessly!
You are too injured to fight recklessly!
You are too injured to fight recklessly!
You are too injured to fight recklessly!
You are too injured to fight recklessly!
You are too injured to fight recklessly!
You are too injured to fight recklessly!
You are too injured to fight recklessly!
You are too injured to fight recklessly!
You are too injured to fight recklessly!
You are too injured to fight recklessly!
You are too injured to fight recklessly!
You are too injured to fight recklessly!
You are too injured to fight recklessly!
You closely miss the orc priest.
The orc priest is heavily wounded.
The orc priest hits you with a +0 club.
You hit the orc priest but do no damage.
The orc priest is heavily wounded.
The orc priest closely misses you.
You hit the orc priest but do no damage.
The orc priest is heavily wounded.
You hit the orc priest but do no damage.
The orc priest is heavily wounded.
The orc priest misses you.
You hit the orc priest but do no damage.
The orc priest is heavily wounded.
The orc priest looks encouraged for a moment.
Unknown command.
You hit the orc priest but do no damage.
The orc priest is heavily wounded.
The orc priest mumbles some strange prayers to Beogh against you.
Beogh smites you!
* * * LOW HITPOINT WARNING * * *
Unknown command.
You hit the orc priest.
The orc priest is severely wounded.
The orc priest mumbles some strange prayers to Beogh against you.
Pain shoots through your body!
You die...

..###.#.# .# #.#.##.#
#.#..#.# #.#..#.#######
#.#..........#
#.#..........#
#............#
#....o.......#
#.....@#####. #......#
#......# ###
#.......###############
..#
#......................
#.#
#.#####..##############
#.# #. #..#........# #
..### # ..#.######.# #
....# #.# #.# #


You could see an orc priest.

Vanquished Creatures
  A necrophage (D:6)
  2 water moccasin skeletons
  3 hounds
  A jelly (D:6)
  A centaur skeleton (D:5)
  A howler monkey skeleton (D:6)
  An adder (D:5)
  A white imp (D:6)
  An ufetubus (D:6)
  2 orcs (D:5)
14 creatures vanquished.

Notes
Turn   | Place    | Note
-------+----------+-------------------------------------------
     0 | D:5      | willcat the Human Delver began the quest for the Orb.
     0 | D:5      | Reached XP level 1. HP: 18/18 MP: 1/1
   208 | D:5      | Noticed a hound
   223 | D:5      | Killed a hound
   224 | D:5      | Reached XP level 2. HP: 4/24 MP: 2/2
   224 | D:5      | Reached XP level 3. HP: 5/29 MP: 3/3
   605 | D:5      | Reached XP level 4. HP: 9/35 MP: 4/4
   857 | D:5      | Noticed a necrophage
  1029 | D:6      | Reached XP level 5. HP: 31/41 MP: 5/5
  1186 | D:6      | Noticed Maggie
  1187 | D:6      | Noticed a sky beast
  1313 | D:6      | HP: 1/41 [water moccasin skeleton (2)]
  1317 | D:6      | Reached skill level 6 in Stealth
  1323 | D:6      | Gained mutation: Your system is resistant to poisons.
                  | (rPois) [potion of mutation]
  1323 | D:6      | Gained mutation: You have a somewhat thin skeletal
                  | structure. (Dex +2, Stealth+) [potion of mutation]
  1323 | D:6      | Gained mutation: You have large cloven feet. [potion of
                  | mutation]
  1494 | D:5      | Reached XP level 6. HP: 8/47 MP: 6/6
  1785 | D:5      | Noticed an orc warrior
  1785 | D:5      | Noticed an ogre
  1785 | D:5      | Noticed a black bear
  1904 | D:6      | Noticed a necrophage
  1910 | D:6      | Killed a necrophage
  2143 | D:6      | Killed from afar by an orc priest

Illustrated notes

Levels and vault maps discovered:
D:5:      minmay_chambers_of_threes, layout_loops_ring, minivault_27
D:6:      layout_basic, minmay_three_doors, uniq_maggie
D:7:      layout_rooms, nicolae_overflow_hidden_temple,
          minmay_temple_entry_offerings, minmay_splitting_lines,
          minmay_misc_feat_enclosed

Skill      XL: |  1  2  3  4  5  6 |
---------------+-------------------+-----
Short Blades   | 3 4 |  4.2
Dodging        | 3 4 |  4.1
Stealth        | 6 |  6.5
Fighting       | |  3.0

Action                   |  1- 3 |  4- 6 || total
-------------------------+-------+-------++-------
Melee: Short sword       |    29 |    85 ||   114
  Use: Scroll            |       |     1 ||     1
       Potion            |       |     1 ||     1
 Stab: Sleeping          |       |     4 ||     4
Armor: Leather armour    |    16 |     8 ||    24
Dodge: Dodged            |    18 |    42 ||    60

Table legend: (Time is in decaauts)
 A = Elapsed time spent in this place.
 B = Non-inter-level travel time spent in this place.
 C = Inter-level travel time spent in this place.
 D = Time resting spent in this place.
 E = Time spent auto-exploring this place.
 F = Levels seen in this place.
 G = Mean time per level.
                   A        B        C        D        E       F      G
               +--------+--------+--------+--------+--------+-----+--------+
         Total |   2138 |   2138 |      0 |    763 |    827 |   3 |  712.7 |
       Dungeon |   2138 |   2138 |      0 |    763 |    827 |   3 |  712.7 |
               +--------+--------+--------+--------+--------+-----+--------+

Top non-repeatable levels by time:
     D:5: 1386 daAuts
     D:6: 717 daAuts
     D:7: 35 daAuts
